 Dungeon Crawl Stone Soup version 0.24-a0-22-g2a401c0 (webtiles) character file.

Game seed: 13178533492463228048

1465041 NormalPerson7T the Conqueror (level 27, 256/256 HPs)
             Began as a Barachi Air Elementalist on Jan 28, 2019.
             Was the Champion of Vehumet.
             Escaped with the Orb
             ... and 3 runes on Feb 1, 2019!
             The game lasted 06:03:16 (105896 turns).

NormalPerson7T the Conqueror (BaAE)               Turns: 105896, Time: 06:03:17

Health: 256/256    AC: 34    Str: 17    XL:     27
Magic:  44/44      EV: 25    Int: 36    God:    Vehumet [******]
Gold:   6355       SH: 15    Dex: 15    Spells: 0/61 levels left

rFire    + . .     SeeInvis .   L - +8 war axe of Dyewn {vamp, *Corrode +Fly rElec Int+8, !w}
rCold    + . .     Gourm    .   X - +1 shield
rNeg     + + .     Faith    .   S - quicksilver dragon scales
rPois    +         Spirit   .   m - +2 hat
rElec    +         Reflect  .   D - +2 cloak
rCorr    .         Harm     .   b - +2 pair of gloves {Str+3}
MR       +++..                  g - +2 pair of boots
Stlth    +.........             N - macabre finger necklace {rN+}
HPRegen  0.52/turn              P - ring "Poxa" {rPois rF+ rN+ Stlth+}
MPRegen  0.29/turn              G - ring of the Albatross {Wiz rElec rC+ Stlth-}
                                n - ring "Nerup" {Wiz Str+4}

@: slow
A: +LOS, swims, beak, horns 1, rugged brown scales 1, thin skeletal structure 1,
sense surroundings 1, screaming 3, slowness 1, MP-powered wands, strong legs 2
0: Orb of Zot
}: 3/15 runes: decaying, silver, gossamer
a: Hop, Renounce Religion, Evoke Flight


You escaped.
You worshipped Vehumet.
Vehumet was exalted by your worship.
You were hungry.

You visited 10 branches of the dungeon, and saw 50 of its levels.
You visited the Abyss 1 time.
You visited 1 bazaar.

You collected 8050 gold pieces.
You spent 1695 gold pieces at shops.

Inventory:

Hand Weapons
 L - the +8 war axe of Dyewn (weapon) {vamp, *Corrode +Fly rElec Int+8, !w}
   (You took it off an orc on level 7 of the Dungeon)

   It inflicts no extra harm, but heals its wielder when it wounds a living foe.
   It affects your intelligence (+8).
   It insulates you from electricity.
   It lets you fly.
   It may corrode you when you take damage.
Missiles
 d - 32 javelins
 F - 7 throwing nets (quivered) {!f}
Armour
 b - a +2 pair of gloves of strength (worn)
 g - a +2 pair of boots (worn)
 m - a +2 hat (worn)
 v - a +1 helmet of see invisible
 D - a +2 cloak (worn)
 S - quicksilver dragon scales (worn)
 U - the +6 faerie dragon scales {rElec rC+ rCorr Str-4}
   (You took it off the Enchantress on level 4 of the Depths)

   It affects your strength (-4).
   It protects you from cold.
   It insulates you from electricity.
   It provides partial protection from all sources of acid and corrosion.
 X - a +1 shield (worn)
Jewellery
 n - the ring "Nerup" (on amulet) {Wiz Str+4}
   (You took it off a centaur warrior on level 3 of the Depths)

   [ring of wizardry]

   It improves your spell success rate.
   It affects your strength (+4).
 A - an uncursed ring of protection from cold
 E - a +3 ring of evasion
 G - the ring of the Albatross (right hand) {Wiz rElec rC+ Stlth-}
   (You took it off a tengu reaver on level 5 of the Vaults)

   [ring of wizardry]

   It improves your spell success rate.
   It protects you from cold.
   It insulates you from electricity.
   It makes you less stealthy.
 M - an uncursed ring of protection from magic
 N - the macabre finger necklace (around neck) {rN+}
   (You took it off a big kobold on level 8 of the Dungeon)

   [amulet of nothing]

   It protects you from negative energy.
 P - the ring "Poxa" (left hand) {rPois rF+ rN+ Stlth+}
   (You took it off a deep elf high priest on level 3 of the Elven Halls)

   [ring of positive energy]

   It protects you from fire.
   It protects you from poison.
   It protects you from negative energy.
   It makes you more stealthy.
 Z - an uncursed ring of fire
Wands
 K - a wand of digging (20)
 Q - a wand of acid (31)
 T - a wand of enslavement (10)
 V - a wand of iceblast (31)
 Y - a wand of paralysis (31)
Scrolls
 i - 10 scrolls of identify
 r - 22 scrolls of remove curse
 s - 2 scrolls of summoning {!r}
 t - 19 scrolls of teleportation
 u - 5 scrolls of fear
 x - 4 scrolls of blinking
 y - 8 scrolls of fog
 z - 6 scrolls of vulnerability {!r}
 W - 6 scrolls of amnesia
Potions
 a - 4 potions of magic
 c - 16 potions of curing
 f - 4 potions of haste
 h - 4 potions of heal wounds
 j - 9 potions of lignification {!q}
 l - 6 potions of cancellation
 o - 4 potions of berserk rage
 p - 2 potions of agility
 q - 7 potions of invisibility
 w - 9 potions of ambrosia
 B - 8 potions of flight
 C - 8 potions of brilliance
 I - 2 potions of resistance
 J - 11 potions of might
 O - 6 potions of mutation {!q}
Miscellaneous
 k - a lamp of fire
 R - a phial of floods
Comestibles
 e - 46 rations


   Skills:
 O Level 27 Fighting
 - Level 12.0 Axes
 + Level 25.7 Armour
 + Level 20.5 Dodging
 - Level 5.0 Stealth
 - Level 15.0 Shields
 - Level 17.5 Spellcasting
 - Level 17.0 Conjurations
 - Level 7.0 Summonings
 - Level 5.1 Translocations
 - Level 19.0 Air Magic
 - Level 8.1 Poison Magic
 - Level 8.0 Evocations


You couldn't memorise any spells.
You knew the following spells:

 Your Spells              Type           Power        Failure   Level  Hunger
a - Poison Arrow          Conj/Pois      #######...   1%          6    None
b - Swiftness             Chrm/Air       #######.     1%          2    None
c - Freezing Cloud        Conj/Ice/Air   #######...   1%          6    None
d - Shock                 Conj/Air       ####         0%          1    None
e - Spellforged Servitor  Conj/Summ      #######...   1%          7    ###....
q - Lightning Bolt        Conj/Air       ########..   0%          5    None
r - Regeneration          Chrm/Necr      ####......   1%          3    None
s - Airstrike             Air            ########..   0%          4    None
z - Orb of Destruction    Conj           ########..   1%          7    ###....
L - Conjure Ball Lightni  Conj/Air       ########..   1%          6    None
P - Passwall              Tmut/Erth      ####....     1%          2    None
Q - Animate Skeleton      Necr           N/A          1%          1    None
T - Tornado               Air            ########..   7%          9    ######.
X - Blink                 Tloc           N/A          1%          2    None

Your spell library contained the following spells:

 Spells                   Type           Power        Failure   Level  Hunger
 Lehudib's Crystal Spear  Conj/Erth      #######...   26%         8    #####..
 Glaciate                 Conj/Ice       #######...   95%         9    ######.
 Magic Dart               Conj           ####         0%          1    None
 Sting                    Conj/Pois      ####         0%          1    None
 Poisonous Vapours        Pois/Air       ######       0%          2    None
 Mephitic Cloud           Conj/Pois/Air  #######.     0%          3    None
 Static Discharge         Conj/Air       ########     0%          3    None
 Iskenderun's Mystic Bla  Conj           ########     0%          4    None
 Apportation              Tloc           ######       1%          1    None
 Beastly Appendage        Tmut           ####..       1%          1    None
 Confusing Touch          Hex            ####..       1%          1    None
 Flame Tongue             Conj/Fire      #####        1%          1    None
 Freeze                   Ice            ####         1%          1    None
 Pain                     Necr           ####         1%          1    None
 Sandblast                Erth           ####..       1%          1    None
 Summon Butterflies       Summ           ######..     1%          1    None
 Summon Small Mammal      Summ           ####         1%          1    None
 Call Imp                 Summ           ######..     1%          2    None
 Corpse Rot               Necr           N/A          1%          2    None
 Ensorcelled Hibernation  Hex/Ice        ####..       1%          2    None
 Slow                     Hex            ####....     1%          2    None
 Sticks to Snakes         Tmut           ####....     1%          2    None
 Sublimation of Blood     Necr           ####......   1%          2    None
 Throw Flame              Conj/Fire      ######       1%          2    None
 Throw Frost              Conj/Ice       ######       1%          2    None
 Conjure Flame            Conj/Fire      #######.     1%          3    None
 Dazzling Spray           Conj/Hex       ######       1%          3    None
 Inner Flame              Hex/Fire       ####....     1%          3    None
 Lesser Beckoning         Tloc           ######....   1%          3    None
 Ozocubu's Armour         Chrm/Ice       ####....     1%          3    None
 Spider Form              Tmut/Pois      ######....   1%          3    None
 Stone Arrow              Conj/Erth      ######       1%          3    None
 Summon Guardian Golem    Hex/Summ       ######..     1%          3    None
 Tukima's Dance           Hex            ####....     1%          3    None
 Vampiric Draining        Necr           ####......   1%          3    None
 Olgreb's Toxic Radiance  Pois           ######..     1%          4    None
 Sticky Flame             Conj/Fire      #######.     1%          4    None
 Summon Ice Beast         Ice/Summ       ######..     1%          4    None
 Throw Icicle             Conj/Ice       #######.     1%          4    None
 Alistair's Intoxication  Tmut/Pois      ######..     1%          5    None
 Bolt of Draining         Conj/Necr      #######...   1%          5    None
 Bolt of Magma            Conj/Fire/Erth ######....   1%          5    None
 Fireball                 Conj/Fire      #######...   1%          5    None
 Iskenderun's Battlesphe  Conj/Chrm      #######.     1%          5    None
 Silence                  Hex/Air        #######...   1%          5    None
 Summon Forest            Summ/Tloc      ######....   1%          5    None
 Venom Bolt               Conj/Pois      #######...   1%          5    None
 Bolt of Cold             Conj/Ice       #######...   1%          6    None
 Iron Shot                Conj/Erth      #######...   1%          6    None
 Chain Lightning          Conj/Air       ########..   1%          8    #####..
 Shadow Creatures         Summ           N/A          3%          6    None
 Animate Dead             Necr           N/A          4%          4    None
 Ice Form                 Ice/Tmut       ####....     4%          4    None
 Leda's Liquefaction      Hex/Erth       ####......   4%          4    None
 Petrify                  Tmut/Erth      ####....     4%          4    None
 Lee's Rapid Deconstruct  Erth           ####......   4%          5    None
 Agony                    Necr           ####....     11%         5    None
 Blade Hands              Tmut           ####......   11%         5    None
 Dispel Undead            Necr           ####....     11%         5    None
 Excruciating Wounds      Chrm/Necr      ####......   11%         5    None
 Metabolic Englaciation   Hex/Ice        ####......   11%         5    None
 Monstrous Menagerie      Summ           ######....   17%         7    ###....
 Summon Greater Demon     Summ           ######....   17%         7    ###....
 Summon Hydra             Summ           ######....   17%         7    ###....
 Ozocubu's Refrigeration  Ice            ####......   22%         6    None
 Malign Gateway           Summ/Tloc      ######....   24%         7    ###....
 Darkness                 Hex            ####......   45%         6    None
 Hydra Form               Tmut           ####......   45%         6    None
 Invisibility             Hex            ####....     45%         6    None
 Simulacrum               Ice/Necr       ####......   45%         6    None
 Statue Form              Tmut/Erth      ####.....    45%         6    None
 Summon Horrible Things   Summ           ######....   73%         8    #####..
 Ring of Flames           Chrm/Fire      ####......   94%         7    ###....
 Fire Storm               Conj/Fire      #######...   95%         9    ######.
 Shatter                  Erth           ####......   100%        9    ######.


Dungeon Overview and Level Annotations

Branches:
Dungeon (15/15)            Temple (1/1) D:4            Lair (6/6) D:11
  Swamp (4/4) Lair:4       Spider (4/4) Lair:4        Slime (0/5) Lair:5
    Orc (2/2) D:10            Elf (3/3) Orc:2        Vaults (5/5) D:13
  Crypt (0/3) Vaults:3     Depths (5/5) D:15            Zot (5/5) Depths:5

Altars:
Ashenzari
Cheibriados
Dithmenos
Elyvilon
Fedhas
Gozag
Hepliaklqana
Kikubaaqudgha
Makhleb
Nemelex Xobeh
Okawaru
Qazlal
Ru
Sif Muna
Trog
Uskayaw
Vehumet
Wu Jian
Xom
Yredelemnul
Zin
The Shining One
Beogh
Jiyva

Shops:
D:10 *   D:11 (   Orc:2 !*[*   Elf:1 %   Elf:2 (   Elf:3 *[*%%   Vaults:1 (
Depths:1 %   Depths:5 (

Portals:
Hell: Depths:1 Depths:2 Depths:3 Depths:4 Depths:5
Abyss: Depths:1 Depths:2 Depths:3 Depths:4
Pandemonium: Depths:3 Depths:5
Ziggurat: Depths:3

Annotations:
D:8 exclusion: upstairs
Lair:3 exclusion: 3 oklob plants
Lair:5 3 runed translucent doors, Stiffzip's ghost, journeyman MfFi
Spider:1 1 transporter
Depths:2 2 transporters, 1 runed translucent door
Zot:2 1 transporter


Innate Abilities, Weirdness & Mutations

Shadows flee at your approach. (+LOS)
You can swim through water.
You cover ground slowly.
You can hop long distances.
You have a beak for a mouth.
You have a pair of small horns on your head.
You are partially covered in rugged brown scales. (AC +1, +3% HP)
You have a somewhat thin skeletal structure. (Dex +2, Stealth)
You passively map a small area around you.
You frequently scream uncontrollably at your foes.
You expend magic power (3 MP) to strengthen your wands.


Message History

(V) Vaults (C) Crypt (U) Depths (H) Hell (Z) Zot
Where to? (Enter - D:1 @ (x,y), ? - help) HP restored.
There is a stone staircase leading up here.
You climb upwards.
Magic restored.
There is a stone staircase leading down here.
You see here 15 poisoned needles.
You see here 2 stones.
There is a stone staircase leading up here.
You climb upwards.
There is a stone staircase leading down here.
There is a stone staircase leading up here.
You climb upwards.
There is a stone staircase leading down here.
A green death comes into view.
The green death gestures at you.
There is a staircase leading out of the dungeon here.
You are feeling hungry.
You have escaped!

..##.#...###.........###.....#
#.##.#..## ##.......## ##....####
........# #.......# #........
........## ##.......## ##...#.###
###)##...###.........###....#.###
# #.##...........................
###.##......................#.###
.).........................##.# #
....[.......○°○.@..........##.# #
.#####.....○°.☼............##.###
.........°2.○°○............##.##.
..............................##.
.###.#...###.........###.........
.###.#..## ##.......## ##..#.....
........# #.......# #........
......>.## ##.......## ##..##....
####.#...###.........###...##.###


You could see a green death.

Vanquished Creatures
  9 orbs of fire
  4 ancient liches
  Mara (Vaults:4)
  2 juggernauts (Depths:3)
  Boris (twice) (Depths:3 Vaults:5)
  Margery (Depths:4)
  9 Killer Klowns
  2 curse toes
  2 caustic shrikes (Depths:3)
  16 golden dragons
  Xtahua (Depths:5)
  the Enchantress (Depths:4)
  3 bone dragons
  Nikola (Spider:4)
  A Hell Sentinel (Depths:1)
  4 electric golems
  16 tentacled monstrosities
  Asterion (Vaults:2)
  Rupert (D:13)
  5 liches
  26 Orb Guardians
  5 titans
  2 quicksilver dragons
  4 deep elf blademasters
  The ghost of Setanta the Severer, an adept DsBe of Trog (Swamp:2)
  A deep elf master archer (Elf:3)
  3 sphinxes
  Kirke (Lair:5)
  Roxanne (Swamp:4)
  12 storm dragons
  10 shadow dragons
  8 death cobs
  2 thorn hunters (Swamp:2)
  8 tengu reavers
  The ghost of Nr616 the Thaumaturge, an adept GnSk of Ashenzari (Swamp:2)
  8 fire giants
  4 draconian knights
  5 ghost moths
  3 iron dragons
  5 draconian monks
  9 frost giants
  11 deep elf sorcerers
  6 emperor scorpions
  16 vault wardens
  3 draconian scorchers
  2 draconian stormcallers
  3 draconian annihilators
  2 orc warlords
  2 deep elf elementalists
  5 draconian shifters
  Louise (Spider:2)
  3 war gargoyles (Vaults:5)
  18 ironheart preservers
  4 spriggan defenders
  7 very ugly things
  4 vampire knights
  3 entropy weavers
  23 stone giants
  9 green draconians
  11 deep elf demonologists
  10 deep elf annihilators
  11 black draconians
  2 dire elephants (Zot:2)
  12 spark wasps
  12 purple draconians
  14 white draconians
  The ghost of Zanta616 the Spear-Bearer, a journeyman MfGl of Kikubaaqudgha (Orc:2)
  7 red draconians
  14 yellow draconians
  2 deep elf death magi (Elf:3)
  12 ettins
  4 blizzard demons (Depths:4)
  A merfolk javelineer (Orc:2)
  A green death (D:15)
  19 yaktaur captains
  14 fire dragons
  9 deep elf high priests
  Snorg (Orc:1)
  2 hell beasts
  26 vault guards
  A naga warrior (Orc:2)
  2 ghost crabs
  7 great orbs of eyes
  4 rakshasas
  8 spriggan air magi
  15 centaur warriors
  11 ice dragons
  4 shambling mangroves
  27 hydras
  55 two-headed ogres
  6 death yaks (Lair:6)
  14 alligators
  15 deep troll shamans
  23 dancing weapons
  3 orc high priests
  16 ogre magi
  7 death scarabs (Spider:4)
  2 death knights
  11 deep troll earth magi
  10 tengu warriors
  4 spriggan berserkers
  Sonja (D:13)
  26 deep elf knights
  A spectral emperor scorpion (Spider:4)
  2 sixfirhies
  4 shadow wraiths
  A salamander mystic (Depths:3)
  22 skeletal warriors
  A spriggan druid (Swamp:4)
  40 deep trolls
  7 hell knights
  An unseen horror (shapeshifter) (Depths:5)
  5 unseen horrors
  6 iron trolls
  7 wizards
  13 swamp dragons
  6 flayed ghosts
  17 deep elf archers
  2 glowing orange brains
  4 lindwurms
  2 necromancers
  2 infernal demonspawn (D:5)
  3 ball lightnings
  12 ironbrand convokers
  19 harpies
  A lindwurm (shapeshifter) (Vaults:4)
  31 wolf spiders
  A harpy (shapeshifter) (Vaults:4)
  3 wolf spider zombies (Spider:4)
  5 phantasmal warriors
  2 oklob plants (Spider:2)
  A wolf spider (shapeshifter) (Depths:3)
  23 orc knights
  2 spectral wolf spiders (Spider:4)
  24 ugly things
  14 orb spiders
  2 orb spiders (shapeshifter)
  70 deep elf magi
  A human zombie (Vaults:5)
  2 orc sorcerers
  4 manticores
  21 moths of wrath
  2 fauns (shapeshifter) (Vaults:5)
  A cyclops (shapeshifter) (Depths:5)
  11 cyclopes
  13 elephants
  Maurice (D:8)
  2 salamanders (Depths:3)
  6 black mambas
  A stone giant skeleton (Vaults:5)
  11 vault sentinels
  A spectral redback (Spider:4)
  4 gargoyles
  13 spiny frogs
  A torpor snail (shapeshifter) (Vaults:5)
  2 hellions
  64 yaktaurs
  A kobold demonologist (D:13)
  3 rime drakes
  8 komodo dragons
  11 demonic crawlers
  2 ice devils (Depths:5)
  3 efreet
  5 freezing wraiths
  A redback zombie (Spider:4)
  4 tengu conjurers
  A hellwing (Depths:5)
  2 wind drakes (shapeshifter)
  3 polar bears (Lair:6)
  36 jumping spiders
  2 spectral jumping spiders (Spider:4)
  11 tyrant leeches
  A polar bear (shapeshifter) (Vaults:1)
  A queen bee (Depths:3)
  7 bog bodies
  A meliai (D:13)
  9 trolls
  A merfolk (shapeshifter) (Depths:3)
  29 slime creatures
  5 spectral tarantellas (Spider:4)
  29 hornets
  7 hippogriffs
  A dream sheep (shapeshifter) (Depths:5)
  Prince Ribbit (D:8)
  17 blink frogs
  A tarantella zombie (Spider:4)
  A hippogriff (shapeshifter) (D:15)
  8 dream sheep (Lair:6)
  A meliai zombie (D:14)
  13 water elementals
  A vampire (D:15)
  5 shadows
  34 tarantellas
  An air elemental (Elf:3)
  24 spriggans
  A wyvern (shapeshifter) (Depths:5)
  A tarantella (shapeshifter) (D:14)
  6 ynoxinuls (Depths:4)
  3 basilisks
  36 yaks
  A spriggan (shapeshifter) (Vaults:4)
  A hog (shapeshifter) (Elf:1)
  4 wraiths
  77 redbacks
  2 wyverns
  2 hogs
  3 hungry ghosts
  A fire bat (shapeshifter) (Depths:3)
  23 humans
  29 vampire mosquitoes
  A human simulacrum (Vaults:2)
  A chaos spawn (Depths:5)
  A fire elemental (Elf:1)
  A redback simulacrum (D:14)
  12 swamp worms
  9 wargs
  16 insubstantial wisps
  17 water moccasins
  An acid dragon (D:15)
  A hell hound (Elf:2)
  5 porcupines
  53 orc warriors
  5 black bears
  13 swamp drakes
  2 hornet zombies
  14 ice beasts
  3 spectral hornets (Spider:4)
  A phantom (D:8)
  4 sky beasts
  2 eyes of draining
  An elf zombie (Vaults:5)
  2 eyes of draining (shapeshifter)
  2 necrophages
  40 wolves
  59 ogres
  An ogre (shapeshifter) (Depths:2)
  16 boggarts
  38 centaurs
  12 crocodiles
  3 big kobolds
  14 bullfrogs
  A gnoll sergeant (D:5)
  A water moccasin zombie (D:9)
  5 earth elementals
  3 scorpions
  A wyvern skeleton (D:13)
  18 killer bees (Depths:3)
  19 wights
  7 howler monkeys
  4 centaur zombies
  6 crimson imps
  5 bullfrog zombies
  6 hounds
  5 jellies
  11 orc priests
  An iron imp (Depths:5)
  26 orc wizards
  8 centaur skeletons
  4 iguanas
  Jessica (D:2)
  9 worker ants
  A hound skeleton (D:4)
  A worker ant zombie (D:5)
  Robin (D:3)
  15 adders
  8 gnolls
  4 shadow imps
  4 adder skeletons
  7 worms
  3 dart slugs
  8 leopard geckos
  107 orcs
  2 ball pythons
  7 bats
  6 giant cockroaches
  13 hobgoblins
  10 jackals
  17 kobolds
  4 quokkas
  3 frilled lizards
  A giant cockroach zombie (D:5)
  11 goblins
  A leopard gecko zombie (D:6)
  7 rats
  6 briar patches (Swamp:2)
  5 fungi
  2 plants
2523 creatures vanquished.

Vanquished Creatures (collateral kills)
  A death scarab (Spider:4)
  A ball lightning (Spider:4)
  3 elephants (Lair:5)
  2 spiny frogs
  A redback zombie (Spider:4)
  A demonic crawler (Spider:2)
  A troll (D:10)
  A hippogriff (Lair:3)
  2 blink frogs
  2 redbacks (Spider:2)
  A spriggan (Lair:6)
  A tarantella (Spider:2)
  3 yaks
  2 water moccasins
  2 porcupines
  5 wolves
  3 crocodiles
  2 orcs (D:10)
  A bush (Lair:6)
  A fungus (Lair:6)
  A plant (Lair:6)
37 creatures vanquished.

Vanquished Creatures (others)
  A draconian monk (Zot:2)
  A fire giant (Vaults:5)
  An ice dragon (Vaults:5)
  A deep elf knight (Elf:2)
  A shadow wraith (Vaults:1)
  A deep elf mage (Elf:1)
  780 ball lightnings
  A tyrant leech (Swamp:2)
  A redback (Spider:2)
  A human (Lair:6)
  An ogre (D:15)
  A wolf (Lair:6)
  A killer bee (Depths:3)
  An orc (Vaults:3)
  2 bushes (Lair:6)
  17 fungi
  9 plants
  6 withered plants (Swamp:2)
827 creatures vanquished.

Grand Total: 3387 creatures vanquished

Notes
Turn   | Place    | Note
-------+----------+-------------------------------------------
     0 | D:1      | NormalPerson7T the Barachi Air Elementalist began the quest
                  | for the Orb.
     0 | D:1      | Reached XP level 1. HP: 13/13 MP: 3/3
   220 | D:1      | Reached XP level 2. HP: 8/19 MP: 0/5
   444 | D:1      | Learned a level 2 spell: Swiftness
  1090 | D:1      | Reached XP level 3. HP: 24/24 MP: 4/6
  1751 | D:2      | Noticed Jessica
  1765 | D:2      | Killed Jessica
  1765 | D:2      | Reached XP level 4. HP: 30/30 MP: 4/8
  2034 | D:2      | Learned a level 4 spell: Airstrike
  2487 | D:3      | Noticed Robin
  2498 | D:3      | Killed Robin
  2648 | D:3      | Reached XP level 5. HP: 36/36 MP: 7/9
  2712 | D:3      | Reached skill level 1 in Fighting
  3033 | D:3      | Found a hazy altar of Hepliaklqana.
  3338 | D:3      | Learned a level 2 spell: Blink
  3342 | D:3      | Reached skill level 5 in Air Magic
  3607 | D:3      | Found a faded altar of an unknown god.
  3789 | D:3      | Reached XP level 6. HP: 44/44 MP: 8/10
  3993 | D:3      | Reached skill level 2 in Fighting
  4543 | D:4      | Reached XP level 7. HP: 51/51 MP: 4/12
  4605 | D:4      | Found a staircase to the Ecumenical Temple.
  4615 | Temple   | Entered the Ecumenical Temple
  4660 | Temple   | Became a worshipper of Vehumet
  5042 | D:5      | Entered Level 5 of the Dungeon
  5159 | D:5      | Reached skill level 3 in Fighting
  5477 | D:5      | Found an opulent altar of Gozag.
  6322 | D:5      | Found an opulent altar of Gozag.
  6432 | D:4      | Reached XP level 8. HP: 54/60 MP: 1/14
  6790 | D:5      | Reached skill level 4 in Fighting
  7076 | D:5      | Reached * piety under Vehumet
  7076 | D:5      | Offered knowledge of Sting by Vehumet.
  7193 | D:5      | Learned a level 5 spell: Lightning Bolt
  7294 | D:6      | Reached skill level 5 in Conjurations
  7961 | D:6      | Reached skill level 5 in Spellcasting
  8464 | D:6      | Reached skill level 5 in Fighting
  8637 | D:7      | Found a blossoming altar of Fedhas.
  8646 | D:7      | Found a stormy altar of Qazlal.
  8765 | D:7      | Reached XP level 9. HP: 68/68 MP: 2/16
  8927 | D:7      | You fall through a shaft for 2 floors!
  8927 | D:9      | Found a white marble altar of Elyvilon.
  8929 | D:9      | Noticed Harold
  8996 | D:8      | Offered knowledge of Searing Ray by Vehumet.
  9015 | D:8      | Reached ** piety under Vehumet
  9282 | D:8      | Learned a level 3 spell: Static Discharge
  9320 | D:7      | Found a shadowy altar of Dithmenos.
  9320 | D:7      | Found a glowing silver altar of Zin.
  9324 | D:7      | Found a bloodstained altar of Trog.
  9470 | D:7      | Identified the +8 war axe of Dyewn {vamp, *Corrode +Fly
                  | rElec Int+8}
  9836 | D:7      | Noticed a two-headed ogre
 10216 | D:7      | Killed a two-headed ogre
 10216 | D:7      | Reached skill level 6 in Fighting
 10432 | D:8      | Reached skill level 1 in Translocations
 10440 | D:8      | Found an iron altar of Okawaru.
 10440 | D:8      | Found a glowing golden altar of the Shining One.
 10440 | D:8      | Found a shattered altar of Ashenzari.
 10441 | D:8      | Found a deep blue altar of Sif Muna.
 10559 | D:8      | Reached skill level 10 in Air Magic
 10559 | D:8      | Reached XP level 10. HP: 66/77 MP: 5/17
 10608 | D:8      | Offered knowledge of Throw Flame by Vehumet.
 10811 | D:8      | Found a shattered altar of Ashenzari.
 11168 | D:9      | Noticed an eight-headed hydra
 11169 | D:9      | Noticed a cyclops
 11180 | D:9      | Killed an eight-headed hydra
 11475 | D:9      | Noticed Harold
 11475 | D:9      | Harold changed into Harold the cyclops
 11811 | D:8      | Killed Harold the cyclops
 12166 | D:9      | Killed a cyclops
 12422 | D:9      | Noticed Prince Ribbit
 12495 | D:9      | Noticed a cyclops
 12664 | D:9      | Reached skill level 10 in Conjurations
 12959 | D:9      | Reached *** piety under Vehumet
 12978 | D:9      | Killed a cyclops
 12978 | D:9      | Reached XP level 11. HP: 36/83 MP: 2/20
 13463 | D:9      | Noticed Maurice
 13470 | D:8      | Killed Prince Ribbit
 13643 | D:8      | Killed Maurice
 13810 | D:9      | Identified the Reference Book on Ensnaring Contamination
 13888 | D:9      | Identified the Almanac of Unholy Arts and the Rocks
 13967 | D:9      | Found a white marble altar of Elyvilon.
 14032 | D:9      | Found an ancient bone altar of Kikubaaqudgha.
 14290 | D:9      | Learned a level 1 spell: Animate Skeleton
 14488 | D:10     | Entered Level 10 of the Dungeon
 14915 | D:10     | Offered knowledge of Inner Flame by Vehumet.
 15313 | D:10     | Found a staircase to the Orcish Mines.
 15449 | D:10     | Found Vauvagish's General Store.
 15471 | D:10     | Bought a wand of enslavement (11) for 182 gold pieces
 15820 | D:10     | Reached skill level 1 in Evocations
 16000 | D:10     | Killed an unseen horror
 16098 | D:10     | Reached **** piety under Vehumet
 16366 | D:11     | Noticed a skeletal warrior
 16369 | D:11     | Noticed a skeletal warrior
 16490 | D:11     | Found Ysyu's Antique Weapon Shop.
 16499 | D:11     | Reached skill level 7 in Fighting
 16567 | D:11     | Noticed a skeletal warrior
 16578 | D:11     | Noticed a skeletal warrior
 16582 | D:11     | Noticed a skeletal warrior
 16678 | D:11     | Noticed an eight-headed hydra
 16753 | D:11     | Found a staircase to the Lair.
 16839 | Lair:1   | Entered Level 1 of the Lair of Beasts
 17079 | Lair:1   | Reached XP level 12. HP: 91/91 MP: 2/22
 17424 | Lair:1   | Noticed a five-headed hydra
 17439 | Lair:1   | Killed a five-headed hydra
 17979 | Lair:2   | Offered knowledge of Lee's Rapid Deconstruction by Vehumet.
 18516 | Lair:2   | Found a sacrificial altar of Ru.
 18851 | Lair:3   | Noticed a four-headed hydra
 18974 | Lair:2   | Reached skill level 8 in Fighting
 19412 | Lair:3   | Noticed a five-headed hydra
 19438 | Lair:3   | Killed a five-headed hydra
 19641 | Lair:3   | Noticed an eight-headed hydra
 19649 | Lair:3   | Killed an eight-headed hydra
 19687 | Lair:2   | Killed a four-headed hydra
 19687 | Lair:2   | Reached skill level 5 in Evocations
 20179 | Lair:4   | Gained mutation: You can hop long distances. [Barachi
                  | growth]
 20179 | Lair:4   | Reached XP level 13. HP: 99/99 MP: 13/26
 20713 | Lair:4   | Reached skill level 9 in Fighting
 20804 | Lair:4   | Found a hole to the Spider Nest.
 21062 | Lair:4   | Found a staircase to the Swamp.
 21539 | Lair:5   | Reached skill level 5 in Dodging
 21603 | Lair:5   | Reached skill level 10 in Spellcasting
 21678 | Lair:5   | You fall through a shaft!
 21678 | Lair:6   | Entered Level 6 of the Lair of Beasts
 22147 | Lair:5   | Found a runed translucent gate.
 22151 | Lair:5   | Found a runed translucent gate.
 22152 | Lair:5   | Found a runed translucent gate.
 22154 | Lair:5   | Noticed Stiffzip's ghost (journeyman MfFi)
 22365 | Lair:5   | Found a staircase to the Slime Pits.
 22365 | Lair:5   | Found a viscous altar of Jiyva.
 22486 | Lair:5   | Reached ***** piety under Vehumet
 22632 | Lair:4   | Offered knowledge of Conjure Ball Lightning by Vehumet.
 22640 | Lair:4   | Learned a level 6 spell: Conjure Ball Lightning
 23047 | Lair:5   | Reached skill level 10 in Fighting
 23687 | Lair:6   | Noticed Kirke
 23772 | Lair:5   | Killed Kirke
 24015 | Lair:6   | Reached XP level 14. HP: 111/111 MP: 8/29
 24299 | Lair:6   | Reached skill level 11 in Fighting
 24504 | Lair:6   | Learned a level 6 spell: Freezing Cloud
 24718 | Lair:6   | Reached skill level 12 in Fighting
 25060 | Lair:6   | Reached skill level 1 in Shields
 25432 | Lair:6   | Offered knowledge of Throw Icicle by Vehumet.
 25832 | Lair:6   | Upgraded the game from 0.23-a0-890-gc183402 to
                  | 0.24-a0-7-g1bb0902
 26389 | D:11     | Reached skill level 10 in Dodging
 26456 | D:11     | Reached skill level 13 in Fighting
 27378 | D:12     | Reached XP level 15. HP: 113/124 MP: 27/31
 28000 | D:13     | Found a gate to the Vaults.
 28000 | D:13     | Noticed Rupert
 28058 | D:13     | Noticed Sonja
 28061 | D:13     | Killed Sonja
 28061 | D:13     | Reached skill level 14 in Fighting
 28387 | D:13     | Offered knowledge of Fireball by Vehumet.
 28958 | D:13     | Killed Rupert
 29174 | D:14     | Reached skill level 15 in Fighting
 29329 | D:14     | You fall through a shaft!
 29329 | D:15     | Entered Level 15 of the Dungeon
 30990 | Orc:1    | Entered Level 1 of the Orcish Mines
 30992 | Orc:1    | Noticed Snorg
 30999 | Orc:1    | Killed Snorg
 31240 | Orc:1    | You fall through a shaft!
 31240 | Orc:2    | Entered Level 2 of the Orcish Mines
 31266 | Orc:2    | Reached skill level 1 in Armour
 31664 | Orc:2    | Found a staircase to the Elven Halls.
 31998 | Orc:2    | Found a runed translucent gate.
 31998 | Orc:2    | Found a runed translucent gate.
 31998 | Orc:2    | Found a runed translucent gate.
 32004 | Orc:2    | Noticed Zanta616's ghost (journeyman MfGl)
 32014 | Orc:2    | Found an iron altar of Okawaru.
 32195 | Orc:2    | Reached skill level 5 in Armour
 32197 | Orc:2    | Reached XP level 16. HP: 123/136 MP: 24/33
 32386 | Orc:2    | Found Isit Nubbo's Assorted Antiques.
 32386 | Orc:2    | Found Rinwodeh's Assorted Antiques.
 32386 | Orc:2    | Found Hetiod's Antique Armour Boutique.
 32386 | Orc:2    | Found Hastrukiw's Distillery.
 32445 | Orc:2    | Offered knowledge of Spellforged Servitor by Vehumet.
 32522 | Orc:2    | Reached ****** piety under Vehumet
 33265 | Orc:2    | Reached skill level 10 in Armour
 33272 | Orc:2    | Killed Zanta616's ghost
 33702 | D:14     | Identified the +1 buckler "Nexer" {rC+} (You found it on
                  | level 14 of the Dungeon)
 33964 | Swamp:1  | Entered Level 1 of the Swamp
 34052 | Lair:4   | Learned a level 7 spell: Spellforged Servitor
 34528 | Swamp:1  | Paralysed by a hornet for 2 turns
 35559 | Swamp:1  | Found a shimmering altar of Xom.
 36178 | Swamp:2  | Noticed a thorn hunter
 36300 | Swamp:2  | Killed a thorn hunter
 37109 | Swamp:2  | Noticed a thorn hunter
 37115 | Swamp:2  | Killed a thorn hunter
 38019 | Swamp:2  | Reached XP level 17. HP: 128/142 MP: 29/35
 38248 | Swamp:2  | Found a runed translucent gate.
 38248 | Swamp:2  | Found a runed translucent gate.
 38249 | Swamp:2  | Found a runed translucent gate.
 38250 | Swamp:2  | Noticed Setanta's ghost (adept DsBe)
 38252 | Swamp:2  | Noticed Nr616's ghost (adept GnSk)
 38323 | Swamp:3  | Offered knowledge of Orb of Destruction by Vehumet.
 38343 | Swamp:2  | Learned a level 7 spell: Orb of Destruction
 39412 | Swamp:2  | Found a runed translucent gate.
 39412 | Swamp:2  | Found a runed translucent gate.
 39412 | Swamp:2  | Found a runed translucent gate.
 40496 | Swamp:4  | Entered Level 4 of the Swamp
 40581 | Swamp:4  | Noticed Roxanne
 40624 | Swamp:4  | Killed Roxanne
 40698 | Swamp:3  | Reached skill level 16 in Fighting
 41195 | Swamp:4  | Offered knowledge of Poison Arrow by Vehumet.
 41359 | Swamp:4  | Reached skill level 15 in Spellcasting
 41771 | Swamp:4  | Got a decaying rune of Zot
 42298 | Swamp:4  | Learned a level 6 spell: Poison Arrow
 42555 | Swamp:4  | Reached skill level 1 in Poison Magic
 42886 | Spider:1 | Entered Level 1 of the Spider Nest
 43169 | Spider:1 | Found a transporter.
 43351 | Spider:1 | Offered knowledge of Iron Shot by Vehumet.
 43504 | Spider:2 | Noticed Louise
 43815 | Spider:2 | Reached XP level 18. HP: 142/153 MP: 33/37
 43878 | Spider:2 | Killed Louise
 45068 | Spider:2 | Reached skill level 5 in Poison Magic
 46461 | Spider:3 | Reached skill level 17 in Fighting
 47457 | Spider:3 | Reached skill level 5 in Translocations
 47755 | Spider:4 | Entered Level 4 of the Spider Nest
 47811 | Spider:4 | Reached skill level 1 in Summonings
 48164 | Spider:4 | Offered knowledge of Lehudib's Crystal Spear by Vehumet.
 48164 | Spider:4 | Offered knowledge of Glaciate by Vehumet.
 48164 | Spider:4 | Offered knowledge of Tornado by Vehumet.
 48592 | Spider:4 | Noticed Nikola
 48596 | Spider:4 | Killed Nikola
 50379 | Spider:4 | Reached XP level 19. HP: 147/161 MP: 23/39
 50830 | Spider:4 | Reached skill level 5 in Summonings
 51096 | Spider:4 | Got a gossamer rune of Zot
 51263 | Spider:4 | Upgraded the game from 0.24-a0-7-g1bb0902 to
                  | 0.24-a0-10-gb84795d
 51532 | Elf:1    | Entered Level 1 of the Elven Halls
 51558 | Elf:1    | Reached skill level 18 in Fighting
 52498 | Elf:1    | Reached skill level 15 in Conjurations
 53269 | Elf:1    | Found Toenimim's Food Emporium.
 53313 | Elf:1    | Reached skill level 19 in Fighting
 53664 | Elf:1    | Identified the Collected Works on Arcane Weapons and
                  | Companions
 53907 | Elf:2    | Found Niuwuukh's Weapon Shop.
 53954 | Elf:2    | Found a runed translucent gate.
 53954 | Elf:2    | Found a runed translucent gate.
 53955 | Elf:2    | Found a runed translucent gate.
 55956 | Swamp:2  | Killed Nr616's ghost
 55956 | Swamp:2  | Reached skill level 20 in Fighting
 55957 | Swamp:2  | Killed Setanta's ghost
 56379 | Vaults:1 | Entered Level 1 of the Vaults
 56422 | Vaults:1 | Reached XP level 20. HP: 158/176 MP: 29/40
 57265 | Vaults:1 | Found Buidiuvi's Weapon Boutique.
 59544 | Vaults:1 | Found Buidiuvi's Weapon Boutique.
 60248 | Vaults:2 | Identified the +2 spear of the Pariah {pierce, rElec rPois
                  | Str+7 Int-3}
 60754 | Vaults:2 | Noticed Asterion
 60762 | Vaults:2 | Killed Asterion
 61888 | Vaults:2 | Identified a scroll of acquirement
 62457 | Vaults:3 | Reached skill level 15 in Air Magic
 62458 | Vaults:3 | Reached XP level 21. HP: 169/183 MP: 24/41
 63778 | Vaults:3 | Noticed a bone dragon
 63788 | Vaults:3 | Killed a bone dragon
 63962 | Vaults:3 | Reached skill level 15 in Armour
 64083 | Vaults:3 | Found a staircase to the Crypt.
 65737 | Vaults:4 | Upgraded the game from 0.24-a0-10-gb84795d to
                  | 0.24-a0-22-g2a401c0
 66008 | Vaults:4 | Found a roughly hewn altar of Beogh.
 66272 | Vaults:4 | Found a flickering gateway to a bazaar.
 66276 | Bazaar   | Entered a bazaar
 66446 | Bazaar   | Found Tyfrirho's Jewellery Shop.
 66487 | Bazaar   | Found Ygafutz's Gadget Boutique.
 66505 | Bazaar   | Found Zakak's Antique Weapon Shop.
 66592 | Bazaar   | Bought an uncursed ring of fire for 400 gold pieces
 66626 | Bazaar   | Bought a wand of digging (6) for 180 gold pieces
 66626 | Bazaar   | Bought a wand of acid (13) for 306 gold pieces
 66959 | Vaults:4 | Noticed Mara
 66963 | Vaults:4 | Noticed NormalPerson7T's illusion
 67176 | Vaults:4 | Noticed NormalPerson7T's illusion
 67298 | Vaults:4 | Killed Mara
 67298 | Vaults:4 | Reached XP level 22. HP: 162/190 MP: 14/43
 67517 | Vaults:4 | HP: 4/190 [ball lightning[the player character] (8)]
 68265 | Vaults:4 | Learned a level 9 spell: Tornado
 68311 | Vaults:4 | Reached skill level 1 in Axes
 69521 | Elf:2    | Reached skill level 5 in Shields
 70161 | Elf:3    | Entered Level 3 of the Elven Halls
 70254 | Elf:3    | Found Lanuo's Antique Armour Boutique.
 70264 | Elf:3    | Bought a shiny helmet for 202 gold pieces
 70289 | Elf:3    | Found Jeofiasm's Assorted Antiques.
 70313 | Elf:3    | Bought a scintillating pewter ring for 125 gold pieces
 70313 | Elf:3    | Identified the ring "Zykuaw" {Str+4 Int+4 Slay-3 Stlth+}
                  | (You bought it in a shop on level 3 of the Elven Halls)
 70665 | Elf:3    | Found Ziez's General Store.
 70838 | Elf:3    | Reached skill level 5 in Axes
 70986 | Elf:3    | Found Muawaduh's Food Boutique.
 71088 | Elf:3    | Identified the +3 flail of the Endless March {crush,
                  | *Corrode +Rage Int+8}
 71329 | Elf:3    | Found a shimmering altar of Xom.
 71379 | Elf:3    | Found Vonoik's Food Boutique.
 72066 | Elf:3    | Identified the ring "Foasees" {*Tele Dex+5 Stlth+}
 72456 | Elf:3    | Identified the +11 lajatang "Dumiapnyr" {slice, +Rage SInv}
 72456 | Elf:3    | Identified the amulet of Ipneur {RegenMP rF+}
 72470 | Elf:3    | Identified the +3 ring mail "Neczilit" {*Corrode rPois
                  | Dex+4}
 72621 | Elf:3    | Identified the ring "Poxa" {rPois rF+ rN+ Stlth+}
 72627 | Elf:3    | Reached XP level 23. HP: 105/196 MP: 26/44
 72940 | Elf:3    | Found the +6 lightning scales {run, rElec}
 73044 | Elf:3    | Identified the Catalogue of Glacial Lightness
 73660 | D:15     | Found a staircase to the Depths.
 73736 | Depths:1 | Entered Level 1 of the Depths
 74045 | Depths:1 | Reached skill level 10 in Shields
 74126 | Depths:1 | Found Jel Puy's Food Shop.
 74140 | Depths:1 | Found a one-way gate to the infinite horrors of the Abyss.
 74301 | Depths:1 | You fall through a shaft!
 74582 | Depths:1 | Identified the ring "Xunisi" {Ice rN+ Int+5 Stlth-}
 74680 | Depths:1 | Found a gateway to Hell.
 75403 | Depths:2 | Identified the +5 hand axe "Sarcophage" {flame, rPois}
 75482 | Depths:2 | Found a transporter.
 75489 | Depths:2 | Found a transporter.
 75490 | Depths:2 | Found a runed translucent door.
 76154 | Depths:2 | Noticed a juggernaut
 76156 | Depths:2 | Found the +8 demon blade "Leech" {vamp, rN+ AC-3 EV-3}
 77718 | Depths:3 | Noticed a caustic shrike
 77720 | Depths:3 | Identified the ring "Nerup" {Wiz Str+4}
 77770 | Depths:3 | Noticed a juggernaut
 77784 | Depths:3 | Noticed a golden dragon
 77865 | Depths:3 | Noticed a golden dragon
 77926 | Depths:3 | Found a runed translucent door.
 77970 | Depths:3 | Reached XP level 24. HP: 204/204 MP: 33/44
 78035 | Depths:3 | Noticed a caustic shrike
 78778 | Depths:3 | Killed a caustic shrike
 78820 | Depths:3 | Noticed a juggernaut
 78829 | Depths:3 | Killed a juggernaut
 79126 | Depths:3 | Killed a caustic shrike
 79126 | Depths:3 | Reached skill level 10 in Axes
 79196 | Depths:3 | Killed a juggernaut
 79278 | Depths:3 | Identified the +2 scale mail of the Lute {-Cast +Blink
                  | rElec rN+}
 79331 | Depths:3 | Found a one-way gate leading to the halls of Pandemonium.
 79331 | Depths:3 | Found a gateway to a ziggurat.
 80351 | Depths:4 | Noticed Boris
 80363 | Depths:3 | Killed Boris
 80819 | Depths:4 | Reached skill level 15 in Shields
 80820 | Depths:4 | Identified the +6 faerie dragon scales {rElec rC+ rCorr
                  | Str-4}
 80820 | Depths:4 | Noticed the Enchantress
 80902 | Depths:4 | Killed the Enchantress
 80902 | Depths:4 | Reached skill level 21 in Fighting
 80992 | Depths:4 | Noticed Margery
 81001 | Depths:4 | Killed Margery
 81133 | Depths:4 | Reached XP level 25. HP: 210/214 MP: 29/44
 82457 | Depths:5 | Entered Level 5 of the Depths
 83851 | Depths:5 | Reached skill level 22 in Fighting
 83854 | Depths:5 | Noticed Xtahua
 83949 | Depths:5 | Killed Xtahua
 84121 | Depths:5 | Found Bugiomu's Weapon Shoppe.
 85126 | Depths:5 | Found a gate to the Realm of Zot.
 85664 | Vaults:5 | Entered Level 5 of the Vaults
 85667 | Vaults:5 | Reached skill level 23 in Fighting
 85798 | Vaults:4 | Learned a level 3 spell: Regeneration
 85803 | Vaults:5 | Reached XP level 26. HP: 206/229 MP: 41/44
 86190 | Vaults:5 | Identified the ring of the Albatross {Wiz rElec rC+ Stlth-}
 86510 | Vaults:5 | Reached skill level 24 in Fighting
 87405 | Vaults:5 | Identified Further Progress in Theurgy
 87422 | Vaults:5 | Noticed an ancient lich
 87431 | Vaults:5 | Killed an ancient lich
 87431 | Vaults:5 | Reached skill level 15 in Dodging
 87573 | Vaults:5 | Identified the ring "Jaarefeg" {Str+7 Stlth-}
 87867 | Vaults:5 | Got a silver rune of Zot
 87895 | Vaults:5 | Noticed Boris
 87914 | Vaults:5 | Killed Boris
 88229 | Vaults:5 | Reached skill level 25 in Fighting
 88306 | Vaults:5 | Found the +10 dark maul {crush}
 89817 | Zot:1    | Entered Level 1 of the Realm of Zot
 90024 | Zot:1    | Reached XP level 27. HP: 203/242 MP: 44/44
 90484 | Zot:1    | Identified the cursed +0 robe of the Eternal Void {rF-
                  | Str+4 Int+3} (You found it on level 1 of the Realm of Zot)
 90913 | Zot:1    | Learned a level 2 spell: Passwall
 91071 | Zot:2    | Reached skill level 26 in Fighting
 91087 | Zot:2    | Found the +0 mask of the Dragon {MR+ Slay+3 SInv}
 91087 | Zot:2    | Found the +11 plutonium sword {*Contam Stlth-}
 91116 | Zot:2    | Found a transporter.
 93172 | Zot:2    | Noticed an orb of fire
 93228 | Zot:2    | Killed an orb of fire
 93703 | Zot:2    | Reached skill level 27 in Fighting
 95835 | Zot:4    | Identified the +7 plate armour "Bucef" {*Drain rF+++ rC+
                  | Stlth+} (You found it on level 4 of the Realm of Zot)
 95982 | Zot:4    | Reached skill level 5 in Stealth
 96356 | Zot:4    | Noticed an orb of fire
 96363 | Zot:4    | Gained mutation: You are clumsy. (Dex -2) [an orb of fire]
 96364 | Zot:4    | Killed an orb of fire
 97140 | Zot:5    | Entered Level 5 of the Realm of Zot
 97295 | Zot:5    | Noticed an orb of fire
 97295 | Zot:5    | Gained mutation: You are somewhat resistant to further
                  | mutation. [an orb of fire]
 97549 | Zot:4    | Gained mutation: Armour fits poorly on your strangely
                  | shaped body. [an orb of fire]
 97551 | Zot:4    | Killed an orb of fire
 97659 | Zot:5    | Lost mutation: Armour fits poorly on your strangely shaped
                  | body. [potion of mutation]
 97659 | Zot:5    | Lost mutation: You are clumsy. (Dex -2) [potion of
                  | mutation]
 97659 | Zot:5    | Lost mutation: You are somewhat resistant to further
                  | mutation. [potion of mutation]
 97659 | Zot:5    | Gained mutation: Your flesh is heat resistant. (rF+)
                  | [potion of mutation]
 97659 | Zot:5    | Gained mutation: Your magical capacity is low. (-10% MP)
                  | [potion of mutation]
 97659 | Zot:5    | Gained mutation: You have a somewhat thin skeletal
                  | structure. (Dex +2, Stealth) [potion of mutation]
 97950 | Zot:5    | Noticed an ancient lich
 97953 | Zot:5    | Gained mutation: Armour fits poorly on your strangely
                  | shaped body. [an orb of fire]
 97953 | Zot:5    | Noticed an orb of fire
 97960 | Zot:5    | Killed an ancient lich
 97961 | Zot:5    | Noticed an ancient lich
 98879 | Orc:2    | Bought 2 potions of heal wounds for 120 gold pieces
 98879 | Orc:2    | Bought a potion of heal wounds for 60 gold pieces
 98879 | Orc:2    | Bought a potion of resistance for 120 gold pieces
 99545 | Zot:5    | Killed an ancient lich
 99562 | Zot:4    | Gained mutation: You are frail. (-10% HP) [an orb of fire]
 99568 | Zot:4    | Gained mutation: Your body sometimes deteriorates upon
                  | taking damage. [an orb of fire]
 99569 | Zot:4    | Killed an orb of fire
 99692 | Zot:4    | Lost mutation: Your magical capacity is low. (-10% MP)
                  | [potion of mutation]
 99692 | Zot:4    | Lost mutation: Your body sometimes deteriorates upon taking
                  | damage. [potion of mutation]
 99692 | Zot:4    | Lost mutation: Your flesh is heat resistant. (rF+) [potion
                  | of mutation]
 99692 | Zot:4    | Gained mutation: You have supernaturally acute eyesight.
                  | (SInv) [potion of mutation]
 99692 | Zot:4    | Gained mutation: You possess an exceptional clarity of
                  | mind. [potion of mutation]
 99693 | Zot:4    | Lost mutation: You are frail. (-10% HP) [potion of
                  | mutation]
 99693 | Zot:4    | Lost mutation: Armour fits poorly on your strangely shaped
                  | body. [potion of mutation]
 99693 | Zot:4    | Lost mutation: You have supernaturally acute eyesight.
                  | (SInv) [potion of mutation]
 99693 | Zot:4    | Gained mutation: You are frail. (-10% HP) [potion of
                  | mutation]
 99693 | Zot:4    | Gained mutation: You have a pair of small antennae on your
                  | head. [potion of mutation]
 99694 | Zot:4    | Lost mutation: You possess an exceptional clarity of mind.
                  | [potion of mutation]
 99694 | Zot:4    | Lost mutation: You are frail. (-10% HP) [potion of
                  | mutation]
 99694 | Zot:4    | Gained mutation: Armour fits poorly on your strangely
                  | shaped body. [potion of mutation]
 99694 | Zot:4    | Gained mutation: You have a beak for a mouth. [potion of
                  | mutation]
 99694 | Zot:4    | Gained mutation: Your system is resistant to poisons.
                  | (rPois) [potion of mutation]
 99694 | Zot:4    | Gained mutation: Your mind is acute. (Int +2) [potion of
                  | mutation]
101651 | Zot:5    | Noticed an orb of fire
101654 | Zot:5    | Noticed an orb of fire
101663 | Zot:5    | Lost mutation: Your mind is acute. (Int +2) [an orb of
                  | fire]
101669 | Zot:5    | Gained mutation: You are weak. (Str -2) [an orb of fire]
102449 | Zot:5    | Gained mutation: You are frail. (-10% HP) [an orb of fire]
102454 | Zot:5    | Gained mutation: Scrolls take you a little longer to read.
                  | [an orb of fire]
102454 | Zot:5    | Killed an orb of fire
102502 | Zot:5    | Gained mutation: You are dopey. (Int -2) [an orb of fire]
102505 | Zot:5    | Gained mutation: Your magical capacity is low. (-10% MP)
                  | [an orb of fire]
102508 | Zot:5    | Killed an orb of fire
102511 | Zot:5    | Lost mutation: You are dopey. (Int -2) [potion of mutation]
102511 | Zot:5    | Lost mutation: Your system is resistant to poisons. (rPois)
                  | [potion of mutation]
102511 | Zot:5    | Lost mutation: You have a pair of small antennae on your
                  | head. [potion of mutation]
102511 | Zot:5    | Lost mutation: Scrolls take you a little longer to read.
                  | [potion of mutation]
102511 | Zot:5    | Gained mutation: You are clumsy. (Dex -2) [potion of
                  | mutation]
102511 | Zot:5    | Gained mutation: You expend magic power (3 MP) to
                  | strengthen your wands. [potion of mutation]
102512 | Zot:5    | Lost mutation: You are weak. (Str -2) [potion of mutation]
102512 | Zot:5    | Lost mutation: Your magical capacity is low. (-10% MP)
                  | [potion of mutation]
102512 | Zot:5    | Lost mutation: Armour fits poorly on your strangely shaped
                  | body. [potion of mutation]
102512 | Zot:5    | Gained mutation: You are resistant to hostile enchantments.
                  | (MR+) [potion of mutation]
102512 | Zot:5    | Gained mutation: You passively map a small area around you.
                  | [potion of mutation]
102512 | Zot:5    | Lost mutation: You are frail. (-10% HP) [potion of
                  | mutation]
102560 | Zot:5    | Noticed an orb of fire
102567 | Zot:5    | Killed an orb of fire
103050 | Zot:5    | Noticed an orb of fire
103055 | Zot:5    | Gained mutation: You occasionally shout uncontrollably at
                  | your foes. [an orb of fire]
103057 | Zot:5    | Gained mutation: You tend to lose your temper in combat.
                  | [an orb of fire]
103066 | Zot:5    | Killed an orb of fire
103685 | Zot:5    | Noticed an orb of fire
103687 | Zot:5    | Gained mutation: You are weak. (Str -2) [an orb of fire]
103688 | Zot:5    | Gained mutation: You are dopey. (Int -2) [an orb of fire]
103690 | Zot:5    | Gained mutation: Your body sometimes deteriorates upon
                  | taking damage. [an orb of fire]
103694 | Zot:5    | Killed an orb of fire
103696 | Zot:5    | Identified the ring "Ydghemed" {rN+ Str-2 Dex+4 Stlth+}
103701 | Zot:5    | Noticed an ancient lich
103909 | Zot:5    | Killed an ancient lich
104238 | Zot:4    | Lost mutation: You are clumsy. (Dex -2) [potion of
                  | mutation]
104238 | Zot:4    | Lost mutation: You are dopey. (Int -2) [potion of mutation]
104238 | Zot:4    | Lost mutation: Your body sometimes deteriorates upon taking
                  | damage. [potion of mutation]
104238 | Zot:4    | Gained mutation: You sometimes yell uncontrollably at your
                  | foes. [potion of mutation]
104238 | Zot:4    | Gained mutation: You have a pair of small antennae on your
                  | head. [potion of mutation]
104239 | Zot:4    | Lost mutation: You tend to lose your temper in combat.
                  | [potion of mutation]
104239 | Zot:4    | Lost mutation: You are weak. (Str -2) [potion of mutation]
104239 | Zot:4    | Lost mutation: You have a pair of small antennae on your
                  | head. [potion of mutation]
104239 | Zot:4    | Lost mutation: You are resistant to hostile enchantments.
                  | (MR+) [potion of mutation]
104239 | Zot:4    | Gained mutation: You are partially covered in rugged brown
                  | scales. (AC +1, +3% HP) [potion of mutation]
104239 | Zot:4    | Gained mutation: You frequently scream uncontrollably at
                  | your foes. [potion of mutation]
104239 | Zot:4    | Gained mutation: You have a pair of small horns on your
                  | head. [potion of mutation]
104851 | Zot:5    | Cast into level 5 of the Abyss (the power of Zot)
104851 | Abyss:5  | Entered Level 5 of the Abyss
104851 | Abyss:5  | Found a corrupted altar of Lugonu.
104876 | Zot:5    | Escaped the Abyss
105247 | Zot:5    | Got the Orb of Zot
105259 | Zot:5    | Noticed Ivyfuh the pandemonium lord
105896 | D:$      | Escaped with the Orb!

Vault maps used:
D:1:      minmay_arrival_four_circles
D:2:      minmay_misc_feat_rows, minmay_pentomino_s2, uniq_jessica
D:3:      minmay_chambers_of_threes, nicolae_overflow_crystal_walls,
          first_ration, chequers_ecumenical_altar_lobes, uniq_robin
D:4:      minmay_temple_entry_antechambers
D:5:      minmay_spotlight, basic_altar, grunt_gozag_breadcrumbs
D:6:      roderic_lattice_a
D:7:      grunt_temple_overflow_forces_of_nature,
          nicolae_overflow_hidden_temple, grunt_ogre_cave
D:8:      chequers_temple_overflow_statue_of_worship, basic_altar
D:9:      minmay_the_grid_four_pointed_star_mashed, elyvilon_altar_1,
          lemuel_doored_altar, basic_altar, uniq_harold, uniq_maurice,
          uniq_prince_ribbit1
D:10:     david_orc_3, serial_shops, shop, lightli_orcish_oven
D:11:     david_lair_generic, serial_shops, shop, gauntlet_entry_generic
D:13:     david_vaults_3, minmay_misc_feat_more_columns, small_statue_alley_a,
          ebering_dispersal_statue_hall, uniq_sonja
D:14:     grunt_decor_arrowhead, grunt_ministairs_1, hangedman_decor_push
D:15:     grunt_enter_depths_snipers, roderic_serpentine_path
Temple:   eino_temple_lava
Lair:1:   serial_forest, infiniplex_forest_clump_medium,
          infiniplex_forest_clump_curved, infiniplex_forest_side_room,
          infiniplex_forest_clump_double, infiniplex_forest_lined_3_way,
          infiniplex_forest_lined_corner, infiniplex_forest_clump_small,
          infiniplex_forest_lined_ring
Lair:2:   basic_altar, minmay_hedge_maze
Lair:3:   grunt_megastairs_3, minmay_lair_oklob_chamber
Lair:4:   swamp_mist, spider_nest_entry_webs
Lair:5:   slime_altar_1, portal_ice_cave_entry_ice_beasts,
          ebering_ghost_rock_garden, grunt_forest_large_clearings,
          grunt_megastairs_4
Lair:6:   minmay_lair_end_enchanted_forest, uniq_kirke
Swamp:1:  nicolae_swamp_godswood
Swamp:2:  gammafunk_ghost_cemetery, evilmike_swamp_ruin_house_4
Swamp:3:  serial_swamp_ruin, evilmike_swamp_ruin_house_6,
          hangedman_swamp_ruin_wall, swamp_pool5
Swamp:4:  swamp_alternative, nicolae_swamp_round_clearing, uniq_roxanne
Spider:1: gammafunk_its_a_trap
Spider:2: spider_temple_joshua, uniq_louise
Spider:4: floodkiller_spider_rune_tomb, guppyfry_spider_mini_2, uniq_nikola
Orc:1:    uniq_snorg
Orc:2:    st_orc_ogre_mass, gammafunk_ghost_fury_of_okawaru
Elf:1:    minmay_elf_arrival_summoners, serial_shops, shop_statue,
          minmay_elf_sorcery
Elf:2:    serial_shops, shop_fountains, special_room
Elf:3:    minmay_elf_hall_not_hex, serial_shops, shop, shop, shop, shop,
          nicolae_shop_window_shopping, basic_altar, st_stairs_12, minivault_28
Vaults:1: nicolae_vaults_twisting_passages, hangedman_vaults_slice,
          nicolae_vaults_angled_halls, vaults_mumra_hexcomb,
          vaults_dpeg_diagonal, nicolae_vaults_asterisk, vaults_dpeg_ring,
          vaults_room_pools, serial_shops, nicolae_shop_crystal
Vaults:2: nicolae_vaults_shelves_hall, nicolae_vaults_statue_guard,
          hangedman_vaults_stretched_pinwheel, v_misc_14, v_alt_pattern_2,
          ontoclasm_vaults_idyll, grunt_vaults_swirl, ontoclasm_vaults_gateway,
          ontoclasm_vaults_fault, nicolae_vaults_mini_display_case,
          nicolae_vaults_gold_heap, vaults_room_semicircle, uniq_asterion
Vaults:3: grunt_vaults_focal, nicolae_vaults_asterisk,
          minmay_crypt_entry_nasty_monster, v_misc_22,
          vaults_mumra_minichess_inversion, nicolae_vaults_octagons,
          v_alt_pattern_5, nicolae_vaults_little_squares_3, v_alt_pattern_1,
          nicolae_vaults_shelves_hall
Vaults:4: v_misc_2, vaults_room_large_hall, vaults_room_ringed_pool,
          ontoclasm_vaults_hangar, v_alt_pattern_1, v_misc_17,
          hangedman_vaults_stitches, vaults_dpeg_doors, special_room_vaults,
          ontoclasm_vaults_decontamination, vaults_room_door_ring,
          hangedman_vaults_trim, serial_shops, bzr_in_the_mist, uniq_mara
Depths:1: serial_shops, shop, minmay_misc_feat_secret_circle, abyss_entry,
          hell_entry, hangedman_aviary, grunt_megastairs_1
Depths:2: emtedronai_trogs_sanctum, minmay_misc_feat_rugged,
          pf_vacation_house_of_asmodeus, abyss_entry, small_chamber_with_monster
Depths:3: box_level_dp, pan_entry, hell_entry, abyss_entry
Depths:4: cheibrodos_quadrivalence, hell_entry,
          nicolae_abyss_entry_one_way_or_another,
          chequers_serial_rivers_small_3, uniq_boris, uniq_enchantress,
          uniq_margery
Depths:5: grunt_zot_entry_gee_three, grunt_hell_entry_dis_grunt, serial_shops,
          nicolae_shop_trees, rand_demon_pan_entry_7, uniq_xtahua
Zot:1:    st_single_dragon_hoard_3
Zot:2:    circus_mu, lemuel_baited_zot_trap, st_small_dragon_hoard_5,
          chequers_guarded_unrand_mask_of_the_dragon, lemuel_elevator
Abyss:5:  evilmike_abyss_exit_kraken, doesnt_abyss_rune_brain_food,
          evilmike_abyss_exit_smiterflies
Bazaar:   bazaar_jpeg_ninerooms_5

Skill      XL: |  1  2  3  4  5  6  7  8  9 10 11 12 13 14 15 16 17 18 19 20 21 22 23 24 25 26 27 |
---------------+----------------------------------------------------------------------------------+-----
Conjurations   | 2 3 4 6 8 10 12 13 14 15 17 | 17.0
Air Magic      | 4 5 6 8 10 11 12 13 15 17 18 19 | 19.0
Spellcasting   | 3 4 5 6 7 9 11 12 13 14 15 16 17 | 17.5
Fighting       | 1 2 3 5 6 7 8 10 13 15 16 17 20 21 23 25 27 | 27.0
Translocations | 1 3 5 |  5.1
Evocations     | 2 5 6 8 |  8.0
Dodging        | 4 7 10 12 13 15 20 | 20.5
Shields        | 4 9 12 15 | 15.0
Armour         | 5 11 14 16 18 19 20 25 | 25.7
Poison Magic   | 3 8 |  8.1
Summonings     | 4 7 |  7.0
Axes           | 6 9 11 12 | 12.0
Stealth        | 5 |  5.0

Action                   |  1- 3 |  4- 6 |  7- 9 | 10-12 | 13-15 | 16-18 | 19-21 | 22-24 | 25-27 || total
-------------------------+-------+-------+-------+-------+-------+-------+-------+-------+-------++-------
Melee: Unarmed           |     4 |       |       |       |       |       |       |       |       ||     4
       Dagger            |       |    31 |    21 |       |       |       |       |       |       ||    52
       War axe           |       |       |    17 |   190 |   644 |   364 |   350 |   439 |   874 ||  2878
       Peck              |       |       |       |       |       |       |       |       |    51 ||    51
       Headbutt          |       |       |       |       |       |       |       |       |    17 ||    17
Throw: Throwing net      |       |       |       |       |       |       |       |       |     1 ||     1
 Cast: Shock             |    63 |   160 |   237 |   177 |    34 |       |       |       |       ||   671
       Airstrike         |       |     3 |    27 |    83 |   207 |   315 |   227 |   124 |    43 ||  1029
       Swiftness         |       |       |     1 |     1 |     1 |       |       |       |       ||     3
       Lightning Bolt    |       |       |     6 |    50 |    65 |   111 |    40 |    27 |    19 ||   318
       Static Discharge  |       |       |       |    19 |    35 |    15 |       |       |       ||    69
       Animate Skeleton  |       |       |       |    31 |    43 |       |       |       |       ||    74
       Blink             |       |       |       |     1 |     3 |    11 |     2 |     6 |     7 ||    30
       Conjure Ball Ligh |       |       |       |       |    38 |   128 |   116 |    36 |    16 ||   334
       Freezing Cloud    |       |       |       |       |    11 |    16 |    23 |    11 |     2 ||    63
       Poison Arrow      |       |       |       |       |       |    34 |   100 |   125 |   107 ||   366
       Orb of Destructio |       |       |       |       |       |     8 |    31 |    52 |   242 ||   333
       Spellforged Servi |       |       |       |       |       |     2 |     1 |       |     2 ||     5
       Tornado           |       |       |       |       |       |       |       |    33 |    67 ||   100
       Regeneration      |       |       |       |       |       |       |       |       |    11 ||    11
 Abil: Hop               |     1 |       |     1 |     1 |     4 |       |       |       |       ||     7
       Evoke Flight      |       |       |       |       |       |     1 |       |       |       ||     1
Evoke: Wand              |       |       |       |     6 |    12 |     1 |     3 |       |    16 ||    38
       Phial of floods   |       |       |       |     2 |     1 |     1 |       |     1 |     3 ||     8
       Lamp of fire      |       |       |       |       |       |       |     1 |       |       ||     1
  Use: Scroll            |       |     5 |     5 |    17 |    10 |     7 |     9 |     9 |    21 ||    83
       Potion            |       |       |       |       |     2 |     2 |     2 |     6 |    28 ||    40
 Stab: Distracted        |       |       |       |       |     1 |       |     1 |       |     1 ||     3
       Confused          |       |       |       |       |       |       |       |     1 |       ||     1
       Sleeping          |       |       |       |       |       |       |       |       |     4 ||     4
  Eat: Chunk             |     4 |    10 |    17 |    27 |    50 |    28 |    48 |    47 |    47 ||   278
       Ration            |       |       |     4 |     6 |     2 |    15 |     6 |     6 |    25 ||    64
Armor: Robe              |     2 |    26 |    18 |    37 |       |       |       |       |       ||    83
       Troll leather arm |       |       |       |    82 |   349 |     8 |       |       |       ||   439
       Acid dragon scale |       |       |       |       |       |   365 |   131 |       |       ||   496
       Swamp dragon scal |       |       |       |       |       |       |   139 |    60 |       ||   199
       Quicksilver drago |       |       |       |       |       |       |       |   279 |   559 ||   838
Dodge: Dodged            |     8 |    43 |    85 |   248 |   878 |   974 |   637 |   580 |   962 ||  4415
Block: Buckler           |       |       |       |       |   249 |   326 |   228 |   342 |       ||  1145
       Shield            |       |       |       |       |       |       |       |    45 |   797 ||   842

Table legend:
 A = Non-vault XP
 B = Vault XP
 C = Vault XP percentage of total XP
 D = Non-vault monster count
 E = Vault monster count
 F = Vault count percentage of total count
                 A         B        C        D         E       F
            +---------+---------+-------+---------+---------+-------
      Total |  899892 |  855126 |  48.7 |    1662 |     875 |  34.5
            +---------+---------+-------+---------+---------+-------
        D:1 |      38 |       0 |   0.0 |      21 |       0 |   0.0
        D:2 |      49 |      37 |  43.0 |      18 |       1 |   5.3
        D:3 |     180 |      70 |  28.0 |      25 |      18 |  41.9
        D:4 |     432 |       0 |   0.0 |      22 |       0 |   0.0
        D:5 |     746 |       0 |   0.0 |      30 |       0 |   0.0
        D:6 |     571 |       0 |   0.0 |      17 |       0 |   0.0
        D:7 |    1688 |     121 |   6.7 |      23 |       1 |   4.2
        D:8 |    1578 |    1388 |  46.8 |      32 |       4 |  11.1
        D:9 |    1683 |    3011 |  64.1 |      19 |      10 |  34.5
       D:10 |    5457 |     496 |   8.3 |      42 |      12 |  22.2
       D:11 |   10213 |     672 |   6.2 |      30 |       4 |  11.8
       D:12 |    6309 |     584 |   8.5 |      34 |       3 |   8.1
       D:13 |    4215 |    7913 |  65.2 |      19 |      18 |  48.6
       D:14 |   10716 |     243 |   2.2 |      42 |       2 |   4.5
       D:15 |   24170 |    3025 |  11.1 |      66 |       3 |   4.3
     Lair:1 |    1873 |       0 |   0.0 |       7 |       0 |   0.0
     Lair:2 |    4704 |    1100 |  19.0 |      27 |       2 |   6.9
     Lair:3 |    5941 |     157 |   2.6 |      20 |       1 |   4.8
     Lair:4 |    4355 |     946 |  17.8 |      20 |       6 |  23.1
     Lair:5 |    5829 |    7685 |  56.9 |      21 |      39 |  65.0
     Lair:6 |   18216 |    6658 |  26.8 |      51 |      40 |  44.0
    Swamp:1 |   14973 |       0 |   0.0 |      38 |       0 |   0.0
    Swamp:2 |   15391 |    4273 |  21.7 |      38 |       2 |   5.0
    Swamp:3 |   13279 |    4077 |  23.5 |      36 |       7 |  16.3
    Swamp:4 |   10736 |   17876 |  62.5 |      27 |      25 |  48.1
   Spider:1 |   11695 |       0 |   0.0 |      35 |       0 |   0.0
   Spider:2 |    7016 |   16246 |  69.8 |      28 |      29 |  50.9
   Spider:3 |   20373 |    1716 |   7.8 |      57 |       1 |   1.7
   Spider:4 |    8448 |   39910 |  82.5 |      25 |      78 |  75.7
      Orc:1 |    1741 |    1028 |  37.1 |      29 |       1 |   3.3
      Orc:2 |    5391 |   24670 |  82.1 |      47 |      47 |  50.0
      Elf:1 |   27983 |   10844 |  27.9 |      49 |      17 |  25.8
      Elf:2 |    4222 |   35490 |  89.4 |       7 |      44 |  86.3
      Elf:3 |   10959 |   53892 |  83.1 |      20 |      43 |  68.3
   Vaults:1 |   36807 |   15885 |  30.1 |      55 |      14 |  20.3
   Vaults:2 |   30966 |    8548 |  21.6 |      47 |       9 |  16.1
   Vaults:3 |   36891 |   38081 |  50.8 |      62 |      53 |  46.1
   Vaults:4 |   31453 |   39832 |  55.9 |      56 |      50 |  47.2
   Vaults:5 |   42884 |  113321 |  72.5 |      50 |      82 |  62.1
   Depths:1 |   13785 |   18488 |  57.3 |      20 |      22 |  52.4
   Depths:2 |   26630 |    2595 |   8.9 |      29 |       1 |   3.3
   Depths:3 |   42902 |   99314 |  69.8 |      60 |      71 |  54.2
   Depths:4 |   41681 |   26204 |  38.6 |      52 |      26 |  33.3
   Depths:5 |   54131 |   31881 |  37.1 |      59 |      23 |  28.0
      Zot:1 |   56183 |    4458 |   7.4 |      35 |       1 |   2.8
      Zot:2 |   63256 |   37204 |  37.0 |      29 |      24 |  45.3
      Zot:3 |   28606 |       0 |   0.0 |      22 |       0 |   0.0
      Zot:4 |   88228 |   17374 |  16.5 |      43 |       4 |   8.5
      Zot:5 |   44319 |  157813 |  78.1 |      21 |      37 |  63.8
            +---------+---------+-------+---------+---------+-------
